 Dungeon Crawl Stone Soup version 0.18-a0-1670-gb40d73e (webtiles) character file.

240 Kidiri the Magician (level 5, -26/29 HPs)
             Began as a Deep Elf Fire Elementalist on Apr 1, 2016.
             Killed from afar by a goblin (47 damage)
             ... with an exploding inner flame
             ... led by Robin
             ... hexed by the player character
             ... on level 2 of the Dungeon.
             The game lasted 05:21:24 (2049 turns).

Kidiri the Magician (Deep Elf Fire Elementalist)    Turns: 2049, Time: 05:21:24

Health: -26/29     AC:  2    Str:  5    XL:     5   Next: 79%
Magic:  1/14       EV: 13    Int: 21    God:
Gold:   135        SH:  0    Dex: 15    Spells: 5 memorised, 1 level left

rFire  . . .     SeeInvis .     j - +1 dagger (venom)
rCold  . . .     Gourm    .     a - +0 robe
rNeg   . . .     Faith    .     (no shield)
rPois  +         Spirit   .     (no helmet)
rElec  .         Dismiss  .     (no cloak)
rCorr  .         Reflect  .     (no gloves)
SustAt .         Harm     .     (no boots)
MR     .....                    (no amulet)
Stlth  ++........               (no ring)
                                k - ring of poison resistance

@: not resistant to hostile enchantments, unstealthy
A: no striking features
a: no special abilities


You were on level 2 of the Dungeon.
You were not hungry.

You visited 1 branch of the dungeon, and saw 2 of its levels.

You collected 135 gold pieces.

Inventory:

Hand Weapons
 j - a +1 dagger of venom (weapon)
Armour
 a - a +0 robe (worn)
Jewellery
 k - a ring of poison resistance (left hand)
Potions
 d - a potion of ambrosia
 e - a potion of curing
 f - a potion of heal wounds
 h - 2 potions of brilliance {unknown}
 n - a potion of haste
 o - 2 potions of resistance {unknown}
Books
 b - a book of Flames

   Spells                             Type                      Level
   a - Flame Tongue                   Conjuration/Fire             1
   b - Throw Flame                    Conjuration/Fire             2
   c - Conjure Flame                  Conjuration/Fire             3
   d - Inner Flame                    Hexes/Fire                   3
   e - Sticky Flame                   Conjuration/Fire             4
   f - Fireball                       Conjuration/Fire             5
Miscellaneous
 m - a plain deck of war
Comestibles
 c - a bread ration
 g - 2 chunks of flesh
 i - 2 fruits


   Skills:
 + Level 1.5 Fighting
 + Level 3.2 Dodging
 - Level 2.4 Stealth
 * Level 5.4 Spellcasting
 + Level 2.5 Conjurations
 + Level 2.3 Hexes
 + Level 3.9 Fire Magic


You had one spell level left.
You knew the following spells:

 Your Spells              Type           Power        Failure   Level  Hunger
a - Flame Tongue          Conj/Fire      ###..        2%          1    None
b - Throw Flame           Conj/Fire      ###...       4%          2    None
c - Conjure Flame         Conj/Fire      ###.....     10%         3    ##.....
d - Inner Flame           Hex/Fire       ###.....     10%         3    ##.....
e - Sticky Flame          Conj/Fire      ###.....     28%         4    ####...


Dungeon Overview and Level Annotations

Branches:
Dungeon (2/15)

Altars:
Nemelex Xobeh

Annotations:
D:2 Robin


Message History

Press: ? - help, Shift-Dir - straight line, f/p - goblin
Aim: a goblin, wielding a club (moderately wounded, unusually strong, inner flame)
The flame tongue hits the goblin.
The goblin is severely wounded.
Robin throws the goblin at you! The goblin closely misses you.
Casting: Flame Tongue
Confirm with . or Enter, or press ? or * to list all spells.
You don't have enough magic to cast that spell.
Really walk into that cloud of flame?
Okay, then.
Unknown command.
The goblin hits you with a club!
You closely miss the goblin.
The goblin is severely wounded.
The goblin completely misses you.
You hit the goblin.
The goblin explodes!
The fiery explosion engulfs you!
Ouch! That really hurt!
You die...

....))..................
.....#.###..#.......... .
.....#.###..#.###.....# #
.....# .....#...#.########
#.#
.......#.##.#.....÷.......
.#..
.....###.#..#.#...#.......
....
#####..........###########
### #.......#..#§§§gggl..
.... #.....)#####@########
...# #..........#.#
#......###.#.# . #......#
#.#.# ... #......###.#.## ..
#..........#..# #+###+####.
#......######.#####..........
######.######...............#
#...........###........#


You could see Robin, 2 hobgoblins and a giant newt.

Vanquished Creatures
  Sigmund (D:2)
  3 adders (D:2)
  2 oozes
  A worm (D:2)
  3 dart slugs (D:1)
  A bat (D:1)
  A giant cockroach (D:2)
  11 goblins
  10 hobgoblins
  3 kobolds
  A ball python (D:1)
  2 giant newts (D:1)
  6 rats
45 creatures vanquished.

Vanquished Creatures (others)
  5 toadstools (D:1)
5 creatures vanquished.

Grand Total: 50 creatures vanquished

Notes
Turn   | Place    | Note
--------------------------------------------------------------
     0 | D:1      | Kidiri the Deep Elf Fire Elementalist began the quest for the Orb.
     0 | D:1      | Reached XP level 1. HP: 10/10 MP: 6/6
   425 | D:1      | Reached XP level 2. HP: 16/16 MP: 6/8
   429 | D:1      | Learned a level 2 spell: Throw Flame
   840 | D:1      | Reached XP level 3. HP: 16/20 MP: 7/10
   848 | D:1      | Learned a level 3 spell: Conjure Flame
   852 | D:1      | Learned a level 3 spell: Inner Flame
  1243 | D:1      | Reached skill level 1 in Fighting
  1317 | D:2      | Reached skill level 1 in Hexes
  1395 | D:2      | Found a sparkling altar of Nemelex Xobeh.
  1427 | D:2      | Reached skill level 4 in Spellcasting
  1441 | D:2      | Noticed Sigmund
  1447 | D:2      | Killed Sigmund
  1447 | D:2      | Reached skill level 5 in Spellcasting
  1447 | D:2      | Reached XP level 4. HP: 25/25 MP: 4/13
  1447 | D:2      | Reached XP level 5. HP: 29/29 MP: 4/14
  1453 | D:2      | Learned a level 4 spell: Sticky Flame
  2038 | D:2      | Noticed Robin
  2049 | D:2      | Killed from afar by a goblin

Vault maps used:
D:1:      ldierk_walled_garden
D:2:      ecumenical_altar_2, nemelex_deck, uniq_sigmund, uniq_robin

Skill      XL: |  1  2  3 |
---------------+----------+-----
Fighting       | 1 |  1.5
Hexes          | 2 |  2.3
Spellcasting   | 5 |  5.4
Conjurations   | 2 |  2.5
Dodging        | 3 |  3.2
Stealth        | |  2.4
Fire Magic     | |  3.9

Action                   |  1- 3 |  4- 6 || total
-------------------------+-------+-------++-------
Melee: Dagger            |     8 |     6 ||    14
 Cast: Flame Tongue      |    47 |    18 ||    65
       Throw Flame       |    13 |     7 ||    20
       Conjure Flame     |       |     1 ||     1
       Inner Flame       |       |     1 ||     1
  Use: Scroll            |       |     4 ||     4
 Stab: Sleeping          |     1 |       ||     1
  Eat: Chunk             |     2 |     2 ||     4
